| TOP OF THE 1ST |
|
Arizona Diamondbacks batting - Pitching for Washington Nationals : RHP Chitoji Takemoto
|
|
Pitching: RHP Chitoji Takemoto
|
|
|
Batting: LHB Eric Klasek
|
0-0: Fly out, F6 (Popup, 6, EV 61.3 MPH)
|
|
Batting: SHB Alec Thorpe
|
0-0: Called Strike 0-1: Ball 1-1: Called Strike 1-2: Foul Ball, location: 2F 1-2: Foul Ball, location: 2F 1-2: Ball 2-2: Foul Ball, location: 2F 2-2: Ground out 3-1 (Groundball, 34, EV 97.5 MPH)
|
|
Batting: LHB Danny Dunham
|
0-0: DOUBLE (Flyball, 8LXD, EV 110.0 MPH)
|
|
Batting: SHB Perry Tuckfard
|
0-0: Ball 1-0: Ball 2-0: Ground out 6-3 (Groundball, 6, EV 91.3 MPH)
|
| Top of the 1st over - 0 runs, 1 hit, 0 errors, 1 left on base; Arizona 0 - Washington 0 |
| BOTTOM OF THE 1ST |
|
Washington Nationals batting - Pitching for Arizona Diamondbacks : RHP Aaron Munt
|
|
Pitching: RHP Aaron Munt
|
|
|
Batting: SHB Andrew Wray II
|
0-0: Called Strike 0-1: Ball 1-1: Called Strike 1-2: Foul Ball, location: 2F 1-2: Ball 2-2: Ball 3-2: Strikes out swinging
|
|
Batting: RHB C.J. Beavers
|
0-0: Foul Ball, location: 2F 0-1: Foul Ball, location: 2F 0-2: Ball 1-2: Ball 2-2: Foul Ball, location: 2F 2-2: Foul Ball, location: 2F 2-2: SINGLE (Line Drive, 8RS, EV 93.1 MPH)
|
|
Batting: LHB R.J. O'Brien
|
0-0: Ball C.J. Beavers steals 2nd base (no throw) 1-0: Ball 2-0: Ball 3-0: Called Strike 3-1: Called Strike 3-2: SINGLE (Line Drive, 89S, EV 96.3 MPH) C.J. Beavers to third
|
|
Batting: SHB Junzo Kato
|
0-0: Ball 1-0: Foul Ball, location: 2F 1-1: Ball 2-1: Swinging Strike 2-2: Ball 3-2: Base on Balls R.J. O'Brien to second
|
|
Batting: LHB Armando Carbajal
|
0-0: Swinging Strike 0-1: Ball 1-1: Grounds into fielders choice 5-2 (Groundball, 5, EV 86.9 MPH) R.J. O'Brien to third Junzo Kato to second
|
|
Batting: RHB John Sanders
|
0-0: Ball 1-0: Ball 2-0: Called Strike 2-1: Foul Ball, location: 2F 2-2: SINGLE (Groundball, 56D, EV 97.5 MPH) R.J. O'Brien scores Junzo Kato to third Armando Carbajal to second Runner from 3rd tries for Home, SAFE, throw by LF to home
|
|
Batting: RHB Luis Torres
|
0-0: Ball 1-0: Foul Ball, location: 2F 1-1: Ball 2-1: Called Strike 2-2: SINGLE (Line Drive, 4M, EV 100.0 MPH) Armando Carbajal to third John Sanders to second Runner from 3rd tries for Home, throw by CF and OUT! 8-2
|
| Bottom of the 1st over - 2 runs, 4 hits, 0 errors, 2 left on base; Arizona 0 - Washington 2 |
| TOP OF THE 2ND |
|
Arizona Diamondbacks batting - Pitching for Washington Nationals : RHP Chitoji Takemoto
|
|
Batting: SHB Troy McClure
|
0-0: Ball 1-0: Ground out 5-3 (Groundball, 56S, EV 81.9 MPH)
|
|
Batting: RHB Jon Solano
|
0-0: Fly out, F8 (Flyball, 8LS, EV 97.5 MPH)
|
|
Batting: RHB Fabrice Bertin
|
0-0: Ball 1-0: Called Strike 1-1: Swinging Strike 1-2: SINGLE (Line Drive, 89M, EV 92.5 MPH)
|
|
Batting: SHB Valentin Laporte
|
0-0: Called Strike 0-1: Ball 1-1: Ball 2-1: Hit by Pitch Fabrice Bertin to second
|
|
Batting: RHB Mario Soto
|
0-0: Foul Ball, location: 2F 0-1: Ball 1-1: 3-RUN HOME RUN (Flyball, 7LD, EV 100.0 MPH), Distance : 367 ft
|
|
Batting: LHB Eric Klasek
|
0-0: Fly out, F9 (Line Drive, 9, EV 90.0 MPH)
|
| Top of the 2nd over - 3 runs, 2 hits, 0 errors, 0 left on base; Arizona 3 - Washington 2 |
| BOTTOM OF THE 2ND |
|
Washington Nationals batting - Pitching for Arizona Diamondbacks : RHP Aaron Munt
|
|
Batting: LHB Yasahiko Teshima
|
0-0: Swinging Strike 0-1: Foul Ball, location: 2F 0-2: Foul Ball, location: 2F 0-2: Fly out, F6 (Flyball, 6MD, EV 89.4 MPH)
|
|
Batting: RHB Mike Blair
|
0-0: Foul Ball, location: 2F 0-1: Foul Ball, location: 2F 0-2: Ball 1-2: Strikes out looking
|
|
Batting: SHB Andrew Wray II
|
0-0: Ball 1-0: Ball 2-0: Foul Ball, location: 2F 2-1: Swinging Strike 2-2: Ball 3-2: Base on Balls
|
|
Batting: RHB C.J. Beavers
|
0-0: Called Strike 0-1: Ball Andrew Wray II steals 2nd base 1-1: Ground out 5-3 (Groundball, 5, EV 100.0 MPH)
|
| Bottom of the 2nd over - 0 runs, 0 hits, 0 errors, 1 left on base; Arizona 3 - Washington 2 |
| TOP OF THE 3RD |
|
Arizona Diamondbacks batting - Pitching for Washington Nationals : RHP Chitoji Takemoto
|
|
Batting: SHB Alec Thorpe
|
0-0: Called Strike 0-1: Ball 1-1: Fly out, F8 (Flyball, 8LS, EV 88.1 MPH)
|
|
Batting: LHB Danny Dunham
|
0-0: Ball 1-0: Called Strike 1-1: Fly out, F7 (Flyball, 78D, EV 80.6 MPH)
|
|
Batting: SHB Perry Tuckfard
|
0-0: Called Strike 0-1: Ball 1-1: Fly out, F8 (Flyball, 8LS, EV 86.3 MPH)
|
| Top of the 3rd over - 0 runs, 0 hits, 0 errors, 0 left on base; Arizona 3 - Washington 2 |
| BOTTOM OF THE 3RD |
|
Washington Nationals batting - Pitching for Arizona Diamondbacks : RHP Aaron Munt
|
|
Batting: LHB R.J. O'Brien
|
0-0: Ball 1-0: Ball 2-0: Swinging Strike 2-1: Ball 3-1: Called Strike 3-2: Base on Balls
|
|
Batting: SHB Junzo Kato
|
0-0: Ball 1-0: Called Strike 1-1: Foul Ball, location: 2F 1-2: Strikes out swinging R.J. O'Brien is caught stealing 2nd base 2-6 Batter strikes out.
|
|
Batting: LHB Armando Carbajal
|
0-0: Ball 1-0: Called Strike 1-1: Foul Ball, location: 2F 1-2: Ball 2-2: Strikes out looking
|
| Bottom of the 3rd over - 0 runs, 0 hits, 0 errors, 0 left on base; Arizona 3 - Washington 2 |
| TOP OF THE 4TH |
|
Arizona Diamondbacks batting - Pitching for Washington Nationals : RHP Chitoji Takemoto
|
|
Batting: SHB Troy McClure
|
0-0: Ball 1-0: Swinging Strike 1-1: Ball 2-1: Fly out, F9 (Flyball, 9, EV 91.9 MPH)
|
|
Batting: RHB Jon Solano
|
0-0: Swinging Strike 0-1: Ball 1-1: Ball 2-1: Foul Ball, location: 2F 2-2: Fly out, F9 (Line Drive, 9, EV 106.9 MPH)
|
|
Batting: RHB Fabrice Bertin
|
0-0: Called Strike 0-1: SOLO HOME RUN (Flyball, 78XD, EV 99.4 MPH), Distance : 399 ft
|
|
Batting: SHB Valentin Laporte
|
0-0: Swinging Strike 0-1: Ball 1-1: Ground out 4-3 (Groundball, 4, EV 101.3 MPH)
|
| Top of the 4th over - 1 run, 1 hit, 0 errors, 0 left on base; Arizona 4 - Washington 2 |
| BOTTOM OF THE 4TH |
|
Washington Nationals batting - Pitching for Arizona Diamondbacks : RHP Aaron Munt
|
|
Batting: RHB John Sanders
|
0-0: Ball 1-0: Foul Ball, location: 2F 1-1: Ball 2-1: Ball 3-1: Foul Ball, location: 2F 3-2: SINGLE (Line Drive, 4D, EV 98.1 MPH)
|
|
Batting: RHB Luis Torres
|
0-0: 2-RUN HOME RUN (Flyball, 7D, EV 93.8 MPH), Distance : 362 ft
|
|
Batting: LHB Yasahiko Teshima
|
0-0: Called Strike 0-1: Fly out, F9 (Line Drive, 9D, EV 91.9 MPH)
|
|
Batting: RHB Mike Blair
|
0-0: Called Strike 0-1: Ball 1-1: Ball 2-1: Ball 3-1: Base on Balls
|
|
Batting: SHB Andrew Wray II
|
0-0: Ball 1-0: Ball 2-0: Foul Ball, location: 2F 2-1: Ball 3-1: Foul Ball, location: 2F 3-2: Strikes out looking
|
|
Batting: RHB C.J. Beavers
|
0-0: Fly out, F8 (Flyball, 8RM, EV 83.1 MPH)
|
| Bottom of the 4th over - 2 runs, 2 hits, 0 errors, 1 left on base; Arizona 4 - Washington 4 |
| TOP OF THE 5TH |
|
Arizona Diamondbacks batting - Pitching for Washington Nationals : RHP Chitoji Takemoto
|
|
Batting: RHB Mario Soto
|
0-0: Called Strike 0-1: Ground out U3 (Groundball, 34, EV 83.8 MPH)
|
|
Batting: LHB Eric Klasek
|
0-0: Fly out, F7 (Flyball, 7D, EV 103.8 MPH)
|
|
Batting: SHB Alec Thorpe
|
0-0: SOLO HOME RUN (Flyball, 78XD, EV 100.6 MPH), Distance : 413 ft
|
|
Batting: LHB Danny Dunham
|
0-0: Ball 1-0: Foul Ball, location: 2F 1-1: Called Strike 1-2: Foul Ball, location: 2F 1-2: Foul Ball, location: 2F 1-2: Foul Ball, location: 2F 1-2: Ball 2-2: Fly out, F8 (Flyball, 89XD, EV 86.3 MPH)
|
| Top of the 5th over - 1 run, 1 hit, 0 errors, 0 left on base; Arizona 5 - Washington 4 |
| BOTTOM OF THE 5TH |
|
Washington Nationals batting - Pitching for Arizona Diamondbacks : RHP Aaron Munt
|
|
Batting: LHB R.J. O'Brien
|
0-0: Ball 1-0: Foul Ball, location: 2F 1-1: Ground out 4-3 (Groundball, 34D, EV 98.8 MPH)
|
|
Batting: SHB Junzo Kato
|
0-0: Ball 1-0: Fly out, F8 (Flyball, 8LXD, EV 100.6 MPH)
|
|
Batting: LHB Armando Carbajal
|
0-0: Ball 1-0: Fly out, F9 (Flyball, 89D, EV 96.9 MPH)
|
| Bottom of the 5th over - 0 runs, 0 hits, 0 errors, 0 left on base; Arizona 5 - Washington 4 |
| TOP OF THE 6TH |
|
Arizona Diamondbacks batting - Pitching for Washington Nationals : RHP Chitoji Takemoto
|
|
Batting: SHB Perry Tuckfard
|
0-0: Ball 1-0: Called Strike 1-1: Ball 2-1: Ball 3-1: Fly out, F9 (Flyball, 9D, EV 73.8 MPH)
|
|
Batting: SHB Troy McClure
|
0-0: Foul Ball, location: 2F 0-1: Called Strike 0-2: Foul Ball, location: 2F 0-2: Ball 1-2: Ball 2-2: Foul Ball, location: 2F 2-2: Fly out, F4 (Flyball, 4MD, EV 92.5 MPH)
|
|
Batting: RHB Jon Solano
|
0-0: Ball 1-0: Called Strike 1-1: Fly out, F9 (Flyball, 9LM, EV 91.9 MPH)
|
| Top of the 6th over - 0 runs, 0 hits, 0 errors, 0 left on base; Arizona 5 - Washington 4 |
| BOTTOM OF THE 6TH |
|
Washington Nationals batting - Pitching for Arizona Diamondbacks : RHP Aaron Munt
|
|
Batting: RHB John Sanders
|
0-0: Fly out, F9 (Flyball, 9D, EV 105.6 MPH)
|
|
Batting: RHB Luis Torres
|
0-0: Called Strike 0-1: Ball 1-1: Ball 2-1: Called Strike 2-2: Ground out 6-3 (Groundball, 6, EV 89.4 MPH)
|
|
Batting: LHB Yasahiko Teshima
|
0-0: Called Strike 0-1: Swinging Strike 0-2: Foul Ball, location: 2F 0-2: Ball 1-2: TRIPLE (Line Drive, 89XD, EV 103.1 MPH)
|
|
Pitching: RHP Nick Burcham
|
|
|
Batting: RHB Mike Blair
|
0-0: Swinging Strike 0-1: Swinging Strike 0-2: Fly out, F8 (Flyball, 8RD, EV 97.5 MPH)
|
| Bottom of the 6th over - 0 runs, 1 hit, 0 errors, 1 left on base; Arizona 5 - Washington 4 |
| TOP OF THE 7TH |
|
Arizona Diamondbacks batting - Pitching for Washington Nationals : RHP Chitoji Takemoto
|
|
Pitching: RHP Manuel Romero
|
|
|
Batting: RHB Fabrice Bertin
|
0-0: Called Strike 0-1: SINGLE (Line Drive, 78M, EV 98.1 MPH)
|
|
Batting: SHB Valentin Laporte
|
0-0: Called Strike 0-1: Ball 1-1: Ball 2-1: Foul Ball, location: 2F 2-2: Strikes out swinging
|
|
Batting: RHB Mario Soto
|
0-0: SINGLE (Flyball, 78S, EV 87.5 MPH) Fabrice Bertin to second
|
|
Batting: LHB Eric Klasek
|
0-0: Swinging Strike 0-1: Ball 1-1: Foul Ball, location: 2F 1-2: Foul Ball, location: 2F 1-2: SINGLE (Flyball, 78S, EV 87.5 MPH) Fabrice Bertin to third Mario Soto to second Runner from 3rd tries for Home, throw by CF and OUT! 8-2
|
|
Batting: SHB Alec Thorpe
|
0-0: Called Strike 0-1: Foul Ball, location: 2F 0-2: Ball 1-2: Ball 2-2: Strikes out swinging
|
| Top of the 7th over - 0 runs, 3 hits, 0 errors, 2 left on base; Arizona 5 - Washington 4 |
| BOTTOM OF THE 7TH |
|
Washington Nationals batting - Pitching for Arizona Diamondbacks : RHP Nick Burcham
|
|
Now at 1B: Valentin Laporte
|
|
|
Now at 2B: Kyle Beaulieu
|
|
|
Now at 3B: Jon Solano
|
|
|
Batting: SHB Andrew Wray II
|
0-0: Ball 1-0: Ball 2-0: Ball 3-0: Called Strike 3-1: Swinging Strike 3-2: Ground out 3-1 (Groundball, 34, EV 85.6 MPH)
|
|
Batting: RHB C.J. Beavers
|
0-0: Ball 1-0: Foul Ball, location: 2F 1-1: Called Strike 1-2: Fly out, F6 (Popup, 6, EV 56.3 MPH)
|
|
Batting: LHB R.J. O'Brien
|
0-0: Foul Ball, location: 2F 0-1: DOUBLE (Flyball, 8LXD, EV 98.8 MPH)
|
|
Batting: SHB Junzo Kato
|
0-0: Ball 1-0: Swinging Strike 1-1: Ball 2-1: Foul Ball, location: 2F 2-2: Strikes out swinging
|
| Bottom of the 7th over - 0 runs, 1 hit, 0 errors, 1 left on base; Arizona 5 - Washington 4 |
| TOP OF THE 8TH |
|
Arizona Diamondbacks batting - Pitching for Washington Nationals : RHP Manuel Romero
|
|
Batting: LHB Kyle Beaulieu
|
0-0: Ball 1-0: Called Strike 1-1: Ball 2-1: Foul Ball, location: 2F 2-2: Ball 3-2: Fly out, F7 (Line Drive, 7, EV 90.6 MPH)
|
|
Batting: SHB Perry Tuckfard
|
0-0: Ball 1-0: Called Strike 1-1: Ball 2-1: Swinging Strike 2-2: Strikes out swinging
|
|
Batting: SHB Troy McClure
|
0-0: Foul Ball, location: 2F 0-1: Called Strike 0-2: Strikes out swinging
|
| Top of the 8th over - 0 runs, 0 hits, 0 errors, 0 left on base; Arizona 5 - Washington 4 |
| BOTTOM OF THE 8TH |
|
Washington Nationals batting - Pitching for Arizona Diamondbacks : RHP Nick Burcham
|
|
Pitching: LHP Jose Rodriguez
|
|
|
Now at 1B: Jon Solano
|
|
|
Now at 3B: David Price Jr.
|
|
|
Batting: RHB Dan Fallon
|
0-0: Ball 1-0: Swinging Strike 1-1: Swinging Strike 1-2: Ball 2-2: Strikes out swinging
|
|
Pitching: RHP Willie Nieto
|
|
|
Batting: RHB John Sanders
|
0-0: Ball 1-0: Called Strike 1-1: Ball 2-1: Ball 3-1: Swinging Strike 3-2: Foul Ball, location: 2F 3-2: Foul Ball, location: 2F 3-2: Strikes out swinging
|
|
Pitching: RHP André Gaillard
|
|
|
Batting: RHB Luis Torres
|
0-0: Ball 1-0: Ball 2-0: Ground out 5-3 (Groundball, 56, EV 86.3 MPH)
|
| Bottom of the 8th over - 0 runs, 0 hits, 0 errors, 0 left on base; Arizona 5 - Washington 4 |
| TOP OF THE 9TH |
|
Arizona Diamondbacks batting - Pitching for Washington Nationals : RHP Manuel Romero
|
|
Pitching: RHP Chris Painter
|
|
|
Batting: RHB Jon Solano
|
0-0: Called Strike 0-1: Ball 1-1: Ball 2-1: Fly out, F8 (Flyball, 89D, EV 85.0 MPH)
|
|
Batting: RHB Fabrice Bertin
|
0-0: Foul Ball, location: 2F 0-1: Ball 1-1: Ball 2-1: Foul Ball, location: 2F 2-2: Strikes out swinging
|
|
Batting: RHB David Price Jr.
|
0-0: Ball 1-0: Foul Ball, location: 2F 1-1: Ball 2-1: Swinging Strike 2-2: Strikes out swinging
|
| Top of the 9th over - 0 runs, 0 hits, 0 errors, 0 left on base; Arizona 5 - Washington 4 |
| BOTTOM OF THE 9TH |
|
Washington Nationals batting - Pitching for Arizona Diamondbacks : RHP André Gaillard
|
|
Pitching: RHP Andrew Coker
|
|
|
Batting: LHB Yasahiko Teshima
|
0-0: Called Strike 0-1: Ball 1-1: DOUBLE (Line Drive, 89XD, EV 102.5 MPH)
|
|
Batting: RHB Mike Blair
|
0-0: Called Strike 0-1: Foul Ball, location: 2F 0-2: SINGLE (Line Drive, 4D, EV 100.0 MPH) Yasahiko Teshima to third Runner from 3rd tries for Home, throw by CF and OUT! 8-2 Mike Blair to second
|
|
Batting: SHB Andrew Wray II
|
0-0: Foul Ball, location: 2F 0-1: Ball 1-1: Foul Ball, location: 2F 1-2: Ball 2-2: Foul Ball, location: 2F 2-2: Foul Ball, location: 2F 2-2: Foul Ball, location: 2F 2-2: Ball 3-2: Base on Balls
|
|
Batting: RHB C.J. Beavers
|
0-0: Foul Ball, location: 2F 0-1: Ball 1-1: Called Strike 1-2: Foul Ball, location: 2F 1-2: Ball 2-2: Foul Ball, location: 2F 2-2: SINGLE (Flyball, 7LS, EV 89.4 MPH) Mike Blair to third Andrew Wray II to second Runner from 3rd tries for Home, SAFE, throw by LF to home
|
|
Batting: LHB R.J. O'Brien
|
0-0: Foul Ball, location: 2F 0-1: Ball 1-1: Called Strike 1-2: Ball 2-2: Foul Ball, location: 2F 2-2: Foul Ball, location: 2F 2-2: Ball 3-2: 3-RUN HOME RUN (Flyball, 89XD, EV 102.5 MPH), Distance : 387 ft
|
| Bottom of the 9th over - 4 runs, 4 hits, 0 errors, 0 left on base; Arizona 5 - Washington 8 |
| |
|
Game Over ... Washington defeats Arizona, 8 to 5
|
|
|